 Dungeon Crawl Stone Soup version 0.21-a0-621-gc60411f (webtiles) character file.

1512200 dstrtn the End of an Era (level 27, 266/266 HPs)
             Began as a Centaur Warper on Dec 21, 2017.
             Was the Champion of Qazlal.
             Escaped with the Orb
             ... and 3 runes on Dec 23, 2017!
             The game lasted 08:12:44 (98066 turns).

dstrtn the End of an Era (Centaur Warper)          Turns: 98066, Time: 08:12:45

Health: 266/266    AC: 30    Str: 21    XL:     27
Magic:  44/44      EV: 15    Int: 14    God:    Qazlal [******]
Gold:   501        SH:  8    Dex: 15    Spells: 6/32 levels left

rFire    + + .     SeeInvis +   w - +9 longbow (flame)
rCold    + . .     Gourm    .   (shield currently unavailable)
rNeg     + + .     Faith    +   d - quicksilver dragon scales
rPois    +         Spirit   .   i - +0 Maxwell's etheric cage {RegenMP+ *Contam rElec MP+4}
rElec    +         Reflect  .   c - +2 cloak {+Inv}
rCorr    .         Harm     .   Z - +0 pair of gloves "Qeeps" {rPois rF++ rN+ Int-3}
MR       +++..                  M - +4 centaur barding {rC+}
Stlth    ..........             A - amulet of faith {!P}
HPRegen  0.54/turn              m - ring of protection from magic MPRegen 0.79/turn*
                                h - ring of Ceossy {rElec rN+ MR- Int+5 SInv}

@: hasted, repel missiles, very quick
A: large, hooves 3, deformed body, speed 2, tough skin 3, subdued magic 1
0: Orb of Zot
}: 3/15 runes: decaying, silver, gossamer
a: Upheaval, Elemental Force, Disaster Area, Renounce Religion, Evoke
Invisibility


You escaped.
You worshipped Qazlal.
Qazlal was exalted by your worship.
You were very full.

You visited 9 branches of the dungeon, and saw 49 of its levels.
You also visited: Volcano and Wizlab.

You collected 7219 gold pieces.
You spent 6718 gold pieces at shops.

Inventory:

Hand Weapons
 s - the +8 quarterstaff of Disorder {flame, Str+2 SInv}
   (You found it on level 3 of the Lair of Beasts)

   It has been specially enchanted to burn those struck by it, causing extra
   injury to most foes and up to half again as much damage against particularly
   susceptible opponents.
   It affects your strength (+2).
   It lets you see invisible.
 w - a +9 longbow of flaming (weapon)
 U - the +9 hand axe "Killer Klown's Foe" {speed, rElec rC+ Int-3 SInv, unknown}
   (You took it off a draconian knight on level 2 of the Realm of Zot)

   Attacks with this weapon are significantly faster.
   It affects your intelligence (-3).
   It protects you from cold.
   It insulates you from electricity.
   It lets you see invisible.
Missiles
 e - 7 tomahawks of dispersal {!f}
 I - 653 arrows (quivered)
 K - 6 throwing nets {!f}
Armour
 c - a +2 cloak of invisibility (worn)
 d - quicksilver dragon scales (worn)
 i - the +0 Maxwell's etheric cage (worn) {RegenMP+ *Contam rElec MP+4}
   (You found it on level 3 of the Depths)

   It insulates you from electricity.
   It affects your magic capacity (+4).
   It causes magical contamination when unequipped.
 G - a +2 cloak
 M - a +4 centaur barding of cold resistance (worn)
 T - a +1 cloak
 Z - the +0 pair of gloves "Qeeps" (worn) {rPois rF++ rN+ Int-3}
   (You found it on level 3 of the Elven Halls)

   It affects your intelligence (-3).
   It greatly protects you from fire.
   It protects you from poison.
   It protects you from negative energy.
Jewellery
 f - an uncursed ring of protection from fire
 g - the ring "Erotaul" {+Fly rF+ MR- AC+3 Dex+7}
   (You found it on level 5 of the Vaults)

   [ring of protection]

   It affects your AC (+3).
   It affects your dexterity (+7).
   It protects you from fire.
   It affects your resistance to hostile enchantments.
   It lets you fly.
 h - the ring of Ceossy (right hand) {rElec rN+ MR- Int+5 SInv}
   (You found it on level 3 of the Elven Halls)

   [ring of positive energy]

   It affects your intelligence (+5).
   It insulates you from electricity.
   It protects you from negative energy.
   It affects your resistance to hostile enchantments.
   It lets you see invisible.
 m - a ring of protection from magic (left hand)
 z - an uncursed ring of flight
 A - an amulet of faith (around neck) {!P}
 R - an uncursed ring of resist corrosion
Wands
 y - a wand of clouds (12)
 F - a wand of iceblast (13)
 J - a wand of acid (34)
 V - a wand of digging (24)
Scrolls
 a - 3 scrolls of holy word
 j - a scroll of immolation {!r}
 p - a scroll of blinking
 t - 19 scrolls of amnesia
 C - 26 scrolls of remove curse
 D - 24 scrolls of identify
 N - 3 scrolls of silence
 P - 19 scrolls of fog
 S - 2 scrolls of fear
 X - 28 scrolls of teleportation
 Y - a scroll of enchant armour
Potions
 k - 3 potions of magic
 n - 11 potions of mutation {!q}
 o - 2 potions of resistance {!q}
 r - 2 potions of ambrosia
 u - 6 potions of curing
 v - 6 potions of brilliance
 B - 3 potions of might
 L - a potion of heal wounds
 O - 4 potions of cancellation {!q}
 W - 5 potions of flight
Miscellaneous
 b - a lightning rod (4/4) {!a}
 l - a phantom mirror
 q - a fan of gales
 x - a lamp of fire
Comestibles
 Q - 54 rations


   Skills:
 + Level 25.4 Fighting
   Level 8.4(10.0) Polearms
 - Level 8.5(10.0) Staves
 - Level 26.0 Bows
 - Level 1.1 Throwing
 - Level 13.4 Armour
 - Level 12.8 Dodging
 - Level 3.1 Spellcasting
 - Level 8.2 Translocations
 - Level 5.0 Transmutations
 - Level 5.0 Air Magic
 O Level 27 Invocations
 - Level 6.7 Evocations


You had 6 spell levels left.
You knew the following spells:

 Your Spells              Type           Power        Failure   Level  Hunger
a - Passage of Golubria   Tloc           N/A          8%          4    #####..
b - Lesser Beckoning      Tloc           ###.......   2%          3    ###....
c - Song of Slaying       Chrm           #.......     36%         2    ##.....
l - Blink                 Tloc           N/A          1%          2    ##.....
m - Mephitic Cloud        Conj/Pois/Air  #.......     36%         3    ###....
p - Apportation           Tloc           ###...       1%          1    #......
s - Shroud of Golubria    Chrm/Tloc      ##........   7%          2    ##.....
t - Teleport Other        Tloc           ###.....     2%          3    ###....
w - Passwall              Tmut/Erth      #.........   13%         2    ##.....
x - Summon Lightning Spi  Summ/Air       #.......     67%         4    #####..


Dungeon Overview and Level Annotations

Branches:
Dungeon (15/15)            Temple (0/1) D:7            Lair (6/6) D:8
  Swamp (4/4) Lair:4       Spider (4/4) Lair:2        Slime (0/5) Lair:6
    Orc (2/2) D:12            Elf (3/3) Orc:2        Vaults (5/5) D:13
  Crypt (0/3) Vaults:3     Depths (5/5) D:15            Zot (5/5) Depths:5

Altars:
Ashenzari
Cheibriados
Elyvilon
Hepliaklqana
Kikubaaqudgha
Nemelex Xobeh
Qazlal
Uskayaw
Vehumet
Xom
Beogh
Lugonu

Shops:
D:9 }   Orc:2 %?***   Vaults:1 *   Vaults:2 :   Depths:5 ***}

Portals:
Hell: Depths:1 Depths:2 Depths:3 Depths:4 Depths:5
Abyss: Depths:1 Depths:4
Pandemonium: Depths:1 Depths:2 Depths:3
Ziggurat: Depths:3

Annotations:
D:2 Sigmund, Sigmund
Depths:1 1 runed door


Innate Abilities, Weirdness & Mutations

You have hooves in place of feet.
Armour fits poorly on your strangely shaped body.
You cover ground very quickly.
You have extremely tough skin. (AC +3)
Your spells are a little easier to cast, but a little less powerful.


Message History

There is a stone staircase leading up here.
You climb upwards.
There is a stone staircase leading down here.
There is a stone staircase leading up here.
You climb upwards.
Level annotation: Sigmund, Sigmund
There is a stone staircase leading down here.
You see here a dagger.
A soul eater comes into view.
You hear a shout!
There is a stone staircase leading up here.
You climb upwards.
There is a stone staircase leading down here.
Things that are here:
a club; a dagger Really quaff
H - a potion of haste {!q}?
You feel yourself speed up.
You see here a mace.
There is a staircase leading out of the dungeon here.
You have escaped!

############..# #.##......
..............# #.##.#.#..
###.....###..#### #.##.#.#.. #
#.###.........# #.##.#.#.. # .#
#####..##.# #......#.. # .#
#..##.# #####......#..
##..#######..##.# ##.............
##..##........#####..####.....#.#
##..##.####.#.#.@.##.# #.....#..
............#.#.§.##.# ###.#####
.....#.###..#.#..§##.# #.#
.##.........#.#.§.##.# #.#
.##...........#§..##.# #.#
.##....###.####...##.# #.#
.....### #.# #§..##.# #.#
###..#####.# #...##.# #.#
.....#...#.# #...#..######.#


There were no monsters in sight!

Vanquished Creatures
  12 ancient liches (Zot:5)
  3 orbs of fire
  Mennas (Vaults:5)
  Boris (Depths:5)
  Margery (Vaults:4)
  Bai Suzhen (Vaults:2)
  4 Killer Klowns
  the Lernaean hydra (Swamp:4)
  Frederick (Vaults:5)
  3 curse toes
  2 caustic shrikes
  Jory (Depths:3)
  9 golden dragons
  4 electric golems
  Jorgrun (Vaults:2)
  24 tentacled monstrosities
  25 Orb Guardians (Zot:5)
  2 liches
  2 deep elf blademasters (Elf:3)
  4 deep elf master archers (Elf:3)
  Asterion (Vaults:2)
  3 sphinxes
  6 acid blobs (Zot:3)
  5 quicksilver dragons
  6 titans (Vaults:5)
  8 death cobs
  Frances (D:13)
  10 shadow dragons
  19 storm dragons
  A thorn hunter (Swamp:3)
  9 tengu reavers
  7 draconian monks
  Donald (Spider:2)
  2 nagarajas (Depths:4)
  Louise (Swamp:3)
  4 draconian knights
  12 fire giants
  2 orc warlords (Depths:4)
  10 vault wardens
  12 frost giants
  10 draconian scorchers
  11 deep elf sorcerers
  6 emperor scorpions
  4 iron dragons
  A cacodemon (WizLab)
  2 balrugs
  4 draconian stormcallers
  4 ghost moths
  18 ironheart preservers
  4 deep elf elementalists
  A war gargoyle (Vaults:5)
  5 draconian shifters
  2 spriggan defenders (Depths:3)
  A reaper (WizLab)
  5 draconian annihilators
  11 entropy weavers
  A caustic shrike skeleton (Depths:3)
  17 very ugly things
  20 stone giants
  8 white draconians
  3 deep elf demonologists
  9 green draconians
  6 vampire knights
  14 black draconians
  9 red draconians
  8 deep elf annihilators
  29 yellow draconians
  Azrael (Spider:3)
  2 lorocyprocas (WizLab)
  4 spark wasps
  15 ettins
  8 deep elf death magi
  9 purple draconians
  3 minotaurs (Depths:4)
  11 fire dragons
  Josephine (Lair:5)
  16 yaktaur captains
  6 deep elf high priests
  10 great orbs of eyes
  22 hydras
  25 vault guards
  Harold (D:10)
  A hell beast (Depths:1)
  12 ice dragons
  7 spriggan air magi
  A hydra (shapeshifter) (Depths:3)
  16 centaur warriors
  2 naga warriors (Depths:4)
  2 ghost crabs
  5 rakshasas
  6 death yaks
  21 ogre magi
  6 death knights
  3 tengu warriors
  2 two-headed ogres (shapeshifter) (Vaults:4)
  29 dancing weapons
  5 alligators
  8 deep troll earth magi
  53 two-headed ogres
  4 vampire magi
  7 deep troll shamans
  5 orc high priests
  6 spriggan berserkers
  A shock serpent (shapeshifter) (Depths:3)
  20 deep elf knights
  A soul eater (WizLab)
  4 iron trolls
  A sixfirhy (Zot:5)
  A skeletal warrior (Vaults:2)
  16 hell knights
  2 spark wasp zombies
  A storm dragon skeleton (Vaults:4)
  3 flayed ghosts
  A shadow wraith (Vaults:4)
  8 wizards
  3 spriggan druids (Swamp:4)
  24 deep trolls
  3 glowing orange brains
  A deep troll (shapeshifter) (Vaults:3)
  A swamp dragon (shapeshifter) (Depths:3)
  3 unseen horrors
  14 swamp dragons
  A shadow demon (WizLab)
  An obsidian statue (Zot:5)
  3 shambling mangroves
  16 deep elf archers
  4 phantasmal warriors
  3 lindwurms
  2 torturous demonspawn (Zot:5)
  Pikel (D:8)
  60 deep elf magi
  21 orc knights
  A shadow dragon skeleton (Vaults:4)
  32 wolf spiders
  A golden dragon skeleton (Depths:2)
  21 ugly things
  8 harpies
  17 ironbrand convokers
  5 manticores
  14 orb spiders
  6 orc sorcerers
  6 oklob plants
  An orb spider (shapeshifter) (Elf:1)
  8 necromancers
  A cyclops (shapeshifter) (Vaults:5)
  A wolf spider zombie (D:14)
  12 cyclopes
  2 salamanders (shapeshifter)
  24 moths of wrath
  A salamander (Depths:5)
  A fire giant skeleton (Depths:2)
  A guardian serpent (Depths:4)
  A moth of wrath (shapeshifter) (Vaults:4)
  A guardian serpent (shapeshifter) (Vaults:2)
  14 vault sentinels
  3 smoke demons
  4 black mambas
  A spiny frog (shapeshifter) (D:14)
  2 naga magi (Depths:4)
  28 spiny frogs
  A rime drake (shapeshifter) (Vaults:1)
  A gargoyle (D:13)
  A hellion (WizLab)
  4 ice devils
  8 demonic crawlers
  6 rime drakes
  2 efreet
  10 komodo dragons
  18 freezing wraiths
  2 kobold demonologists
  A yaktaur (shapeshifter) (Vaults:3)
  44 yaktaurs
  A queen bee (shapeshifter) (Depths:2)
  A red devil (Depths:1)
  3 spriggan skeletons
  10 trolls
  34 jumping spiders
  A polar bear (D:10)
  2 queen bees
  Grinder (D:3)
  8 tyrant leeches
  A polar bear (shapeshifter) (D:15)
  A jumping spider (shapeshifter) (Vaults:5)
  20 hornets
  A hippogriff (shapeshifter) (Depths:4)
  A meliai zombie (D:14)
  15 blink frogs (Lair:6)
  10 hippogriffs
  60 slime creatures
  A frost giant simulacrum (Vaults:2)
  9 bog bodies
  14 air elementals
  2 fire giant simulacra (Vaults:4)
  A snapping turtle (shapeshifter) (Vaults:3)
  63 redbacks
  A redback (shapeshifter) (Vaults:4)
  A wyvern (Lair:3)
  4 shadows
  8 spriggans
  A ynoxinul (WizLab)
  21 tarantellas
  3 vampires (Depths:4)
  A yak (shapeshifter) (Depths:1)
  9 wraiths
  3 basilisks
  52 yaks
  The ghost of Ketzopolo the Poker, an amateur MfMo (D:3)
  7 fire elementals
  3 water elementals
  5 hungry ghosts
  2 yaktaur simulacra
  24 vampire mosquitoes
  2 steam dragons
  2 chaos spawn (WizLab)
  4 wargs
  A golden eye (shapeshifter) (D:14)
  Menkaure (D:5)
  3 neqoxecs
  5 insubstantial wisps
  A swamp worm (shapeshifter) (Depths:3)
  4 hell hounds
  4 soldier ants
  3 acid dragons
  2 soldier ants (shapeshifter)
  22 swamp worms
  8 water moccasins
  8 porcupines
  14 swamp drakes
  A black bear (shapeshifter) (Vaults:5)
  44 orc warriors
  3 sky beasts (shapeshifter)
  3 sky beasts
  38 ogres
  3 ice beasts
  3 necrophages
  4 black bears
  An eye of draining (shapeshifter) (Vaults:5)
  4 phantoms
  5 boggarts
  20 wolves
  12 centaurs
  2 crocodiles (shapeshifter)
  7 crocodiles
  Blork the orc (D:6)
  An elf simulacrum (Vaults:1)
  25 bullfrogs
  A bullfrog (shapeshifter) (Elf:3)
  2 big kobolds
  2 gnoll sergeants (D:9)
  An earth elemental (Elf:3)
  12 scorpions
  A human simulacrum (Vaults:1)
  An orc simulacrum (Vaults:1)
  44 killer bees
  11 wights
  9 electric eels
  3 howler monkeys
  2 bullfrog zombies
  7 centaur zombies
  8 crimson imps
  3 quasits
  9 hounds
  41 orc priests
  An iron imp (Depths:1)
  27 jellies
  6 centaur skeletons
  2 gnoll shamans (D:9)
  3 bullfrog skeletons
  39 orc wizards
  Jessica (D:3)
  2 iguanas
  11 hell rats
  Natasha (thrice) (D:4)
  10 worker ants
  A hound skeleton (D:5)
  Robin (D:2)
  2 worker ant zombies
  11 gnolls
  19 adders
  3 shadow imps
  4 white imps (D:10)
  A worker ant simulacrum (D:10)
  4 ufetubi (D:10)
  4 oozes
  An adder zombie (D:8)
  A worm (shapeshifter) (Depths:3)
  3 worms
  2 dart slugs
  An adder simulacrum (D:10)
  10 leopard geckos
  125 orcs
  A ball python (D:3)
  12 bats
  A bat zombie (D:9)
  5 giant cockroaches
  5 hobgoblins
  6 jackals
  10 kobolds
  4 quokkas
  A ball python skeleton (D:6)
  6 frilled lizards
  12 goblins
  A leopard gecko skeleton (D:4)
  2 leopard gecko zombies
  7 rats
  A rat zombie (D:9)
  A fungus (Lair:6)
2502 creatures vanquished.

Vanquished Creatures (collateral kills)
  A Tzitzimitl (WizLab)
  2 hydras
  2 spiny frogs (Lair:6)
  An ice devil (WizLab)
  4 blink frogs
  3 yaks (Lair:1)
  A chaos spawn (WizLab)
  An orc warrior (Orc:1)
  A bullfrog (Lair:3)
  2 orc priests
  An orc wizard (Orc:1)
  3 orcs (Orc:1)
22 creatures vanquished.

Vanquished Creatures (others)
  A lich (Depths:4)
  An orb spider (Spider:3)
  A moth of wrath (Zot:5)
  7 yaktaurs
  A tyrant leech (Swamp:1)
  2 slime creatures (D:14)
  An air elemental (Depths:5)
  A tarantella (Spider:1)
  2 yaks (Lair:5)
  A swamp worm (Swamp:2)
  A swamp drake (Swamp:1)
  A slave (D:8)
  A crocodile (Lair:5)
  A jelly (Zot:3)
  An orc priest (Orc:1)
  An orc wizard (D:10)
  A worker ant (D:13)
  2 orcs
  29 fungi
  43 plants
99 creatures vanquished.

Grand Total: 2623 creatures vanquished

Notes
Turn   | Place    | Note
-------+----------+-------------------------------------------
     0 | D:1      | dstrtn the Centaur Warper began the quest for the Orb.
     0 | D:1      | Reached XP level 1. HP: 17/17 MP: 3/3
   366 | D:1      | Reached XP level 2. HP: 24/24 MP: 4/4
   374 | D:1      | Learned a level 2 spell: Blink
   412 | D:1      | Learned a level 2 spell: Shroud of Golubria
   710 | D:2      | Noticed Robin
   999 | D:2      | Reached XP level 3. HP: 25/30 MP: 5/5
  1065 | D:2      | Killed Robin
  1564 | D:2      | Noticed Sigmund
  1714 | D:3      | Noticed a bullfrog
  1739 | D:3      | Noticed Jessica
  1764 | D:3      | Killed Jessica
  1764 | D:3      | Reached XP level 4. HP: 35/37 MP: 6/6
  1843 | D:2      | Learned a level 3 spell: Teleport Other
  2224 | D:3      | Noticed Grinder
  2338 | D:4      | Noticed a phantom
  2361 | D:4      | Killed a phantom
  2361 | D:4      | Reached XP level 5. HP: 34/45 MP: 8/8
  2431 | D:4      | Found a stormy altar of Qazlal.
  2433 | D:4      | Found a radiant altar of Vehumet.
  2436 | D:4      | Found a white marble altar of Elyvilon.
  2442 | D:4      | Became a worshipper of Qazlal Stormbringer
  2463 | D:4      | Noticed Natasha
  2503 | D:4      | Killed Natasha
  2637 | D:4      | Noticed an ogre
  2705 | D:4      | Killed an ogre
  2705 | D:4      | Reached XP level 6. HP: 30/52 MP: 9/9
  2793 | D:4      | Noticed Natasha
  2990 | D:4      | Got a faintly humming chain mail
  3001 | D:4      | Identified the +3 chain mail "Byoprez" {-Cast rPois MR+++ Str+4} (You found it on level 4 of the Dungeon)
  3152 | D:4      | Found a hazy altar of Hepliaklqana.
  3169 | D:4      | Killed Natasha
  3188 | D:4      | Noticed Natasha
  3197 | D:4      | Killed Natasha
  3220 | D:5      | Entered Level 5 of the Dungeon
  3310 | D:5      | Reached skill level 5 in Polearms
  3310 | D:5      | Reached XP level 7. HP: 55/59 MP: 10/10
  3379 | D:5      | Reached skill level 1 in Bows
  3638 | D:5      | Noticed Menkaure
  3651 | D:5      | Killed Menkaure
  3956 | D:5      | Reached skill level 5 in Bows
  4089 | D:5      | Reached XP level 8. HP: 57/66 MP: 11/11
  4254 | D:5      | Reached * piety under Qazlal
  5158 | D:6      | Reached skill level 10 in Bows
  5305 | D:6      | Noticed Blork the orc
  5319 | D:6      | Reached ** piety under Qazlal
  5406 | D:6      | Killed Blork the orc
  5514 | D:6      | Reached XP level 9. HP: 50/71 MP: 12/12
  5617 | D:6      | Reached skill level 1 in Invocations
  5728 | D:6      | Found a hide-covered altar of Uskayaw.
  5746 | D:6      | Reached skill level 2 in Invocations
  6156 | D:7      | Reached skill level 3 in Invocations
  6181 | D:7      | Learned a level 3 spell: Mephitic Cloud
  6361 | D:7      | Found a staircase to the Ecumenical Temple.
  6442 | D:7      | Reached skill level 1 in Evocations
  6756 | D:7      | Reached *** piety under Qazlal
  6771 | D:7      | Reached skill level 4 in Invocations
  7171 | D:8      | Noticed a death yak
  7220 | D:8      | Noticed a death yak
  7221 | D:8      | Noticed a death yak
  7228 | D:8      | Found a staircase to the Lair.
  7438 | D:7      | Reached skill level 5 in Invocations
  7853 | D:8      | Killed a death yak
  7853 | D:8      | Reached skill level 6 in Invocations
  7853 | D:8      | Reached XP level 10. HP: 79/79 MP: 12/14
  7923 | D:8      | Killed an unseen horror
  7929 | D:8      | Killed a death yak
  7929 | D:8      | Reached skill level 7 in Invocations
  8228 | D:8      | Noticed a two-headed ogre
  8247 | D:8      | Killed a two-headed ogre
  8247 | D:8      | Reached skill level 8 in Invocations
  8448 | D:8      | Found a shattered altar of Ashenzari.
  8556 | D:8      | Noticed a sixfirhy
  8557 | D:8      | Noticed a smoke demon
  8952 | D:8      | Killed a death yak
  8958 | D:8      | Reached skill level 9 in Invocations
  8958 | D:8      | Reached skill level 5 in Evocations
  9190 | D:8      | Noticed Pikel
  9237 | D:8      | Killed Pikel
  9342 | D:8      | Reached XP level 11. HP: 84/84 MP: 16/18
  9356 | D:8      | Found a snail-covered altar of Cheibriados.
  9575 | D:8      | Got a scorched hand axe
 10092 | D:9      | Found a hide-covered altar of Uskayaw.
 10123 | D:9      | Found an ancient bone altar of Kikubaaqudgha.
 10221 | D:9      | Found a shattered altar of Ashenzari.
 10518 | D:9      | Reached skill level 10 in Invocations
 10673 | D:9      | Found Sereryuk's Gadget Boutique.
 10995 | D:9      | Learned a level 4 spell: Passage of Golubria
 11234 | D:9      | Bought a wand of paralysis (14) for 176 gold pieces
 11252 | D:10     | Entered Level 10 of the Dungeon
 11267 | D:10     | Reached skill level 1 in Armour
 11365 | D:10     | Reached **** piety under Qazlal
 11575 | D:10     | Reached skill level 5 in Fighting
 12249 | D:10     | Reached skill level 11 in Invocations
 12729 | D:10     | Noticed Harold
 13208 | D:10     | Killed Harold
 13208 | D:10     | Reached XP level 12. HP: 61/95 MP: 5/20
 13219 | D:10     | Noticed a two-headed ogre
 13255 | D:10     | Found a stormy altar of Qazlal.
 13257 | D:10     | Killed a two-headed ogre
 14843 | D:11     | Noticed a two-headed ogre
 14884 | D:11     | Killed a two-headed ogre
 14884 | D:11     | Reached skill level 12 in Invocations
 15124 | D:12     | Noticed a four-headed hydra
 15139 | D:11     | Killed a four-headed hydra
 15249 | D:11     | Upgraded the game from 0.21-a0-584-g185da8e to 0.21-a0-591-g2314aa1
 15314 | Lair:1   | Entered Level 1 of the Lair of Beasts
 15333 | Lair:1   | Reached skill level 5 in Armour
 15792 | Lair:1   | Noticed an eight-headed hydra
 15799 | Lair:1   | Killed an eight-headed hydra
 15802 | Lair:1   | Reached skill level 5 in Translocations
 17400 | Lair:2   | Noticed an eight-headed hydra
 17406 | Lair:2   | Killed an eight-headed hydra
 17406 | Lair:2   | Reached XP level 13. HP: 105/105 MP: 15/22
 18523 | Lair:2   | Found a hole to the Spider Nest.
 19739 | Lair:3   | Got a steaming quarterstaff
 20071 | Lair:3   | Identified the +8 quarterstaff of Disorder {flame, Str+2 SInv} (You found it on level 3 of the Lair of Beasts)
 20348 | Lair:4   | Reached skill level 1 in Staves
 20509 | Lair:4   | Got a pitted bronze amulet
 20534 | Lair:4   | Found a dark tunnel.
 20550 | Volcano  | Entered a volcano
 20557 | Volcano  | Noticed SpeedyPerson7's ghost (journeyman MiBe)
 20662 | Lair:4   | Identified the amulet of Fascheis {Gourm rF- Str+5} (You found it on level 4 of the Lair of Beasts)
 21385 | Lair:4   | Found a staircase to the Swamp.
 21389 | Lair:4   | Learned a level 1 spell: Apportation
 21527 | Lair:5   | Noticed Josephine
 21562 | Lair:5   | Killed Josephine
 21986 | Lair:5   | Reached skill level 13 in Invocations
 22021 | Lair:5   | Identified a scroll of acquirement
 22196 | Lair:5   | Reached XP level 14. HP: 110/119 MP: 23/23
 23346 | Lair:5   | Found the +7 Kryia's mail coat {PotionHeal*2 rC+}
 23440 | Lair:6   | Entered Level 6 of the Lair of Beasts
 23538 | Lair:6   | Reached skill level 10 in Fighting
 23539 | Lair:6   | Reached skill level 5 in Staves
 24619 | Lair:6   | Reached ***** piety under Qazlal
 25019 | Lair:6   | Reached skill level 14 in Invocations
 25113 | Lair:6   | Found a staircase to the Slime Pits.
 25925 | D:12     | Found a staircase to the Orcish Mines.
 26742 | Orc:1    | Entered Level 1 of the Orcish Mines
 27171 | Orc:1    | Found a roughly hewn altar of Beogh.
 27564 | Orc:2    | Entered Level 2 of the Orcish Mines
 27564 | Orc:2    | Found Hisoduus's Food Boutique.
 28428 | Orc:1    | Reached XP level 15. HP: 121/130 MP: 25/25
 29213 | Orc:2    | Found Fuepeg's General Store.
 29213 | Orc:2    | Found Nuango's Magic Scroll Shop.
 29213 | Orc:2    | Found Vemapneo's Assorted Antiques.
 29218 | Orc:2    | Found Aghexar's Assorted Antiques.
 29223 | Orc:2    | Bought a warped cloak for 180 gold pieces
 29233 | Orc:2    | Identified the +1 cloak of the Okapi {Str+2 Int+4} (You bought it in a shop on level 2 of the Orcish Mines)
 29235 | Orc:2    | Bought a scroll of acquirement for 520 gold pieces
 29236 | Orc:2    | Got a faintly glowing glaive
 29237 | Orc:2    | Identified the +1 glaive of Las Neh {chop, rN+} (You acquired it on level 2 of the Orcish Mines)
 29239 | Orc:2    | Bought a scroll of acquirement for 520 gold pieces
 29240 | Orc:2    | Got a slimy trident
 29241 | Orc:2    | Identified the +4 trident of Hell's Wrath {pierce, Str+3} (You acquired it on level 2 of the Orcish Mines)
 29248 | Orc:2    | Bought a coral ring for 145 gold pieces
 29248 | Orc:2    | Bought 3 scrolls labeled ANNUYGU GEFASM for 87 gold pieces
 29266 | Orc:2    | Bought an ancient scale mail for 171 gold pieces
 29276 | Orc:2    | Identified the cursed +0 scale mail "Xuesyuf" {rF+ rC+ Str+2 Dex-2} (You bought it in a shop on level 2 of the Orcish Mines)
 29289 | Orc:2    | Bought a potion of flight for 45 gold pieces
 29289 | Orc:2    | Bought a scroll of identify for 30 gold pieces
 29289 | Orc:2    | Bought a scroll of blinking for 112 gold pieces
 29289 | Orc:2    | Bought a scroll of identify for 30 gold pieces
 29292 | Orc:2    | Bought a viscous red potion for 26 gold pieces
 29293 | Orc:2    | Bought a scroll of magic mapping for 35 gold pieces
 29293 | Orc:2    | Bought a scroll of enchant armour for 75 gold pieces
 29293 | Orc:2    | Bought a scroll of blinking for 75 gold pieces
 29293 | Orc:2    | Bought a scroll of teleportation for 30 gold pieces
 29323 | Orc:2    | Found a staircase to the Elven Halls.
 29402 | Orc:2    | Bought a scroll of fog for 20 gold pieces
 29402 | Orc:2    | Bought a scroll of blinking for 75 gold pieces
 29691 | Orc:2    | Bought a scroll of fog for 38 gold pieces
 30440 | D:13     | Reached ****** piety under Qazlal
 30836 | D:13     | Reached skill level 15 in Invocations
 31165 | D:13     | Found a gate to the Vaults.
 31270 | D:14     | Noticed Frances
 31282 | D:13     | Killed Frances
 31786 | D:14     | Reached XP level 16. HP: 139/139 MP: 27/27
 32250 | D:15     | Entered Level 15 of the Dungeon
 33304 | D:15     | Found a staircase to the Depths.
 33402 | D:15     | Got a scorched war axe
 33403 | D:15     | Identified the cursed +1 war axe of Linearity {chop, rPois MR+ Dex+3} (You found it on level 15 of the Dungeon)
 33899 | Swamp:1  | Entered Level 1 of the Swamp
 33912 | Swamp:1  | Paralysed by a hornet for 2 turns
 35832 | Swamp:2  | Reached XP level 17. HP: 131/148 MP: 28/28
 36620 | Swamp:3  | Noticed Louise
 36636 | Swamp:2  | Paralysed by a hornet for 3 turns
 37004 | Swamp:3  | Killed Louise
 37940 | Swamp:4  | Entered Level 4 of the Swamp
 38247 | Swamp:4  | Noticed the 27-headed Lernaean hydra
 38334 | Swamp:4  | Killed the 27-headed Lernaean hydra
 40700 | Swamp:4  | Got a decaying rune of Zot
 40880 | Spider:1 | Entered Level 1 of the Spider Nest
 40962 | Spider:1 | Reached skill level 16 in Invocations
 43504 | Lair:5   | Learned a level 3 spell: Lesser Beckoning
 43770 | Spider:1 | Got a pitted trident
 43775 | Spider:1 | Identified the +4 trident "Conastre" {speed, +Rage rPois Int+2 Dex-4} (You found it on level 1 of the Spider Nest)
 43849 | Spider:2 | Reached XP level 18. HP: 159/159 MP: 30/30
 44194 | Spider:2 | Identified the +1 ring mail of Wer Qeonn {Regen+ rCorr Dex+3 SInv} (You found it on level 2 of the Spider Nest)
 44705 | Spider:3 | Noticed Azrael
 44833 | Spider:3 | Noticed Donald
 45032 | Spider:2 | Killed Donald
 45794 | Spider:3 | Killed Azrael
 46261 | Spider:4 | Entered Level 4 of the Spider Nest
 46263 | Spider:4 | Identified the +3 shortbow of Diet Blood {velocity, *Drain +Blink rPois Int+2} (You found it on level 4 of the Spider Nest)
 46492 | Spider:4 | Reached skill level 17 in Invocations
 49581 | Spider:4 | Reached skill level 15 in Fighting
 49858 | Spider:4 | Got a gossamer rune of Zot
 50141 | Orc:2    | Bought a potion of resistance for 190 gold pieces
 50141 | Orc:2    | Bought a scroll of enchant weapon for 142 gold pieces
 50141 | Orc:2    | Bought a potion of heal wounds for 95 gold pieces
 50141 | Orc:2    | Bought a potion of curing for 57 gold pieces
 50145 | Orc:2    | Bought a potion of might for 60 gold pieces
 50191 | D:12     | Upgraded the game from 0.21-a0-591-g2314aa1 to 0.21-a0-618-g6cbd37f
 50222 | Vaults:1 | Entered Level 1 of the Vaults
 50864 | Vaults:1 | Found Xodat's General Store.
 50873 | Vaults:1 | Bought a scroll of teleportation for 48 gold pieces
 51223 | Vaults:1 | Reached skill level 18 in Invocations
 51921 | Vaults:1 | Reached XP level 19. HP: 139/172 MP: 32/32
 52891 | Vaults:2 | Noticed Asterion
 53518 | Vaults:2 | Reached skill level 5 in Dodging
 54556 | Vaults:2 | Killed Asterion
 55206 | Vaults:2 | Found Xaruewn's Book Shoppe.
 55665 | Vaults:2 | Paralysed by a great orb of eyes for 2 turns
 55751 | Vaults:2 | Reached skill level 19 in Invocations
 57136 | Vaults:2 | Noticed Jorgrun
 57160 | Vaults:2 | Killed Jorgrun
 57443 | Vaults:3 | Noticed Bai Suzhen
 57516 | Vaults:2 | Killed Bai Suzhen
 57768 | Vaults:2 | Reached XP level 20. HP: 184/184 MP: 33/33
 58445 | Vaults:3 | Reached skill level 20 in Invocations
 59318 | Vaults:3 | Found a staircase to the Crypt.
 59578 | Vaults:3 | Identified Sif Muna's Handbook of Beguiling and Arcane Weapons
 60910 | Vaults:4 | Noticed Margery
 60932 | Vaults:4 | Killed Margery
 61508 | Vaults:4 | Reached skill level 21 in Invocations
 61508 | Vaults:4 | Reached XP level 21. HP: 144/195 MP: 35/35
 64139 | Vaults:3 | Got a shimmering hand axe
 65172 | Elf:1    | Entered Level 1 of the Elven Halls
 65224 | Elf:1    | Found a radiant altar of Vehumet.
 66985 | Elf:2    | Found a huge runed gate.
 66985 | Elf:2    | Found a huge runed gate.
 66985 | Elf:2    | Found a huge runed gate.
 66985 | Elf:2    | Found a huge runed gate.
 66985 | Elf:2    | Found a huge runed gate.
 67997 | Elf:3    | Entered Level 3 of the Elven Halls
 68109 | Elf:3    | Found a magical portal.
 68118 | WizLab   | Entered Doroklohe's Tomb
 68417 | WizLab   | Reached skill level 22 in Invocations
 69645 | Elf:3    | Reached XP level 22. HP: 166/209 MP: 37/37
 70450 | Elf:3    | Identified the cursed +2 quarterstaff of the Purple Skies {drain, rF+ rC- Dex+6} (You took it off a deep elf annihilator on level 3 of the Elven Halls)
 70451 | Elf:3    | Identified the ring of Hygg {rC++ Dex+4} (You took it off a deep elf annihilator on level 3 of the Elven Halls)
 70684 | Elf:3    | Identified the Incunabulum of the Frostbite and Creation
 70689 | Elf:3    | Identified the ring of Ceossy {rElec rN+ MR- Int+5 SInv} (You found it on level 3 of the Elven Halls)
 70703 | Elf:3    | Identified the +8 chain mail "Damupsidd" {Slay+2} (You found it on level 3 of the Elven Halls)
 70708 | Elf:3    | Identified the +8 halberd of Reckabut {chop, +Blink rElec Int+4} (You found it on level 3 of the Elven Halls)
 70757 | Elf:3    | Got a pair of distressingly furry gloves
 70768 | Elf:3    | Identified the +0 pair of gloves "Qeeps" {rPois rF++ rN+ Int-3} (You found it on level 3 of the Elven Halls)
 70868 | Elf:3    | Got a smoking copper amulet
 70869 | Elf:3    | Identified the amulet "Utowill" {+Rage Dex+4} (You took it off a deep elf annihilator on level 3 of the Elven Halls)
 71038 | Orc:2    | Bought a scroll of summoning for 180 gold pieces
 71268 | D:3      | Killed Grinder
 71311 | D:3      | Noticed Ketzopolo's ghost (amateur MfMo)
 71317 | D:3      | Killed Ketzopolo's ghost
 71436 | D:3      | Found a shimmering altar of Xom.
 71477 | D:3      | Found a sparkling altar of Nemelex Xobeh.
 71743 | Depths:1 | Entered Level 1 of the Depths
 72722 | Depths:1 | Found a one-way gate to the infinite horrors of the Abyss.
 72900 | Depths:1 | Found a gateway to Hell.
 72996 | Depths:1 | Found a one-way gate leading to the halls of Pandemonium.
 73242 | Depths:1 | Found a runed door.
 73453 | Depths:2 | Noticed a caustic shrike
 73465 | Depths:2 | Killed a caustic shrike
 73762 | Depths:2 | Reached skill level 23 in Invocations
 75363 | Depths:3 | Reached XP level 23. HP: 150/220 MP: 38/38
 76030 | Depths:3 | Noticed a caustic shrike
 76047 | Depths:3 | Noticed Jory
 76052 | Depths:3 | Killed a caustic shrike
 76492 | Depths:3 | Killed Jory
 77534 | Depths:3 | Reached skill level 24 in Invocations
 77681 | Depths:3 | Identified the cursed +1 leather armour of Precision Catastrophes {rC- MR++} (You took it off a vampire mage on level 3 of the Depths)
 77901 | Depths:3 | Found the +0 Maxwell's etheric cage {RegenMP+ *Contam rElec MP+4}
 78556 | Depths:3 | Found a gateway to a ziggurat.
 78627 | Depths:3 | Identified the Handbook of Transmutation and the Mountains
 78872 | Vaults:2 | Bought a manual of Armour for 2208 gold pieces
 79041 | Depths:3 | Upgraded the game from 0.21-a0-618-g6cbd37f to 0.21-a0-621-gc60411f
 79634 | Depths:4 | Found a corrupted altar of Lugonu.
 80055 | Depths:4 | Reached skill level 10 in Armour
 80228 | Depths:4 | Reached XP level 24. HP: 231/231 MP: 39/39
 80431 | Depths:4 | Identified Qimmasch's Guide on Creation
 81065 | Depths:4 | Learned a level 2 spell: Passwall
 81388 | Vaults:5 | Entered Level 5 of the Vaults
 81396 | Vaults:5 | Noticed Mennas
 81409 | Vaults:5 | Killed Mennas
 81950 | Vaults:5 | Noticed Frederick
 81964 | Vaults:5 | Killed Frederick
 82455 | Vaults:5 | Reached skill level 25 in Invocations
 82459 | Vaults:5 | Reached XP level 25. HP: 152/240 MP: 35/39
 82919 | Vaults:5 | Got a steaming brass amulet
 82920 | Vaults:5 | Identified the amulet "Hulu" {Harm *Drain Str+4} (You found it on level 5 of the Vaults)
 82933 | Vaults:5 | Got a jewelled spear
 83192 | Vaults:5 | Identified the Compendium of Assistive Calling
 83206 | Vaults:5 | Learned a level 2 spell: Song of Slaying
 83236 | Vaults:5 | Got a slimy glass ring
 83291 | Vaults:5 | Got a jewelled shortbow
 83292 | Vaults:5 | Identified the +7 shortbow "Witumn" {flame, rF+ MR+ Dex-2 Stlth+} (You found it on level 5 of the Vaults)
 83294 | Vaults:5 | Identified the ring "Erotaul" {+Fly rF+ MR- AC+3 Dex+7} (You found it on level 5 of the Vaults)
 83416 | Vaults:5 | Identified Sif Muna's Volume of the Floating Arsonist
 83483 | Vaults:5 | Got an uncursed bloodstained mace {drain}
 83549 | Vaults:5 | Learned a level 4 spell: Summon Lightning Spire
 83877 | Vaults:5 | Got a silver rune of Zot
 84025 | Vaults:5 | Identified the amulet "Coxkai" {+Rage Dex+4} (You took it off a yaktaur captain on level 5 of the Vaults)
 84133 | Vaults:5 | Got a slimy helmet
 84144 | Vaults:5 | Identified the +2 helmet of a volcano {rN+ SInv} (You acquired it on level 5 of the Vaults)
 84428 | Depths:5 | Entered Level 5 of the Depths
 85207 | Depths:5 | Reached skill level 1 in Transmutations
 85207 | Depths:5 | Reached skill level 1 in Air Magic
 85408 | Depths:5 | Noticed Boris
 85427 | Depths:5 | Killed Boris
 85782 | Depths:5 | Found Riogg's Gadget Shoppe.
 85782 | Depths:5 | Found Kautt's Assorted Antiques.
 85783 | Depths:5 | Found Igibuwudd's Assorted Antiques.
 85785 | Depths:5 | Found Raddokk's Assorted Antiques.
 85792 | Depths:5 | Bought a scroll of immolation for 140 gold pieces
 85804 | Depths:5 | Bought a phantom mirror for 420 gold pieces
 85804 | Depths:5 | Bought a phantom mirror for 420 gold pieces
 85808 | Depths:5 | Bought a potion of cancellation for 368 gold pieces
 86057 | Depths:5 | Found a gate to the Realm of Zot.
 86391 | Zot:1    | Entered Level 1 of the Realm of Zot
 86539 | Zot:1    | Reached skill level 5 in Transmutations
 86539 | Zot:1    | Reached skill level 5 in Air Magic
 88897 | Zot:2    | Reached XP level 26. HP: 204/250 MP: 39/39
 89114 | Zot:2    | Got a translucent hand axe {speed}
 89898 | Zot:2    | Reached skill level 10 in Dodging
 92816 | Zot:4    | Noticed an orb of fire
 92835 | Zot:3    | Killed an orb of fire
 93348 | Zot:4    | Reached XP level 27. HP: 258/258 MP: 39/39
 94003 | Zot:5    | Entered Level 5 of the Realm of Zot
 94438 | Zot:5    | Noticed an ancient lich
 94448 | Zot:5    | Killed an ancient lich
 94453 | Zot:5    | Noticed an ancient lich
 94457 | Zot:5    | Killed an ancient lich
 94564 | Zot:5    | Noticed an ancient lich
 94579 | Zot:5    | Killed an ancient lich
 94594 | Zot:5    | Reached skill level 26 in Invocations
 94606 | Zot:5    | Noticed an ancient lich
 94616 | Zot:5    | Killed an ancient lich
 94693 | Zot:5    | Noticed an ancient lich
 94699 | Zot:5    | Noticed an ancient lich
 94705 | Zot:5    | Killed an ancient lich
 94705 | Zot:5    | Killed an ancient lich
 94999 | Zot:5    | Noticed an ancient lich
 95007 | Zot:5    | Killed an ancient lich
 95270 | Zot:5    | Noticed an ancient lich
 95283 | Zot:5    | Killed an ancient lich
 95443 | Zot:5    | Noticed an orb of fire
 95455 | Zot:5    | Gained mutation: Your spells are a little easier to cast, but a little less powerful. [an orb of fire]
 95464 | Zot:5    | Killed an orb of fire
 95708 | Zot:5    | Noticed an ancient lich
 95721 | Zot:5    | Killed an ancient lich
 95721 | Zot:5    | Reached skill level 27 in Invocations
 95730 | Zot:5    | Noticed an ancient lich
 95743 | Zot:5    | Killed an ancient lich
 96012 | Zot:5    | Noticed an ancient lich
 96027 | Zot:5    | Killed an ancient lich
 96375 | Zot:5    | Noticed an ancient lich
 96385 | Zot:5    | Killed an ancient lich
 97149 | Zot:5    | Noticed an orb of fire
 97170 | Zot:5    | Killed an orb of fire
 97465 | Zot:5    | Got the Orb of Zot
 97656 | Depths:5 | Noticed Poecs the pandemonium lord
 97656 | Depths:5 | Noticed an ancient lich
 98066 | D:$      | Escaped with the Orb!

Vault maps used:
D:1:      wheals_arrival_shading
D:2:      first_ration, chequers_big_river, roderic_serpentine_path,
          minmay_fountain_box, hex_large, uniq_crazy_yiuf_cottage, uniq_robin,
          uniq_sigmund
D:3:      nemelex_xobeh_ov_fountains_minmay, lemuel_coloured_pillars_altar,
          uniq_grinder, uniq_jessica
D:4:      grunt_temple_overflow_diamond, kennysheep_mini_moat,
          minmay_crystal_water, hangedman_decor_opposing, uniq_natasha
D:5:      old_forge, serial_corexii_hall, corexii_hall_statues_deadend,
          corexii_hall_statues_i, corexii_hall_statues_s, uniq_menkaure
D:6:      basic_altar, uniq_blork_the_orc
D:7:      minmay_temple_entry_grid
D:8:      minmay_tri_box, slow_altar_1, dpeg_lair_monsters, serial_glass,
          glass_columns_a, glass_columns_a, glass_columns_a, glass_columns_b,
          glass_columns_a, glass_columns_a, glass_columns_c, glass_columns_a,
          basic_altar, uniq_pikel
D:9:      lemuel_round_altar, lemuel_zombie_altar_kikubaaqudgha, basic_altar,
          serial_gnoll_camp, gnoll_camp_mini_hut, gnoll_camp_mini_hut,
          gnoll_camp_mini_house, gnoll_camp_mini_loothouse,
          gnoll_camp_mini_house, gnoll_camp_mini_shop
D:10:     serial_ice, serial_ice_n, serial_ice_a, serial_ice_k, serial_ice_b,
          serial_ice_c, serial_ice_d, serial_ice_e, serial_ice_h,
          david_nohive_1, grunt_qazlal_clouds, uniq_harold
D:12:     orc_0_dummy
D:13:     david_vaults_2
D:14:     nicolae_wwwww, uniq_frances
D:15:     hangedman_depths_entry_civil_slaughter
Lair:1:   minmay_lair_oklob_chamber
Lair:2:   minmay_lair_venomous_thicket, nicolae_spider_entry_non_spiders,
          st_stairs_6
Lair:3:   minivault_27
Lair:4:   swamp_mist, enter_volcano_4, minmay_lair_drake_nest,
          grunt_megastairs_4, infiniplex_staircase_pool_2, serial_bayou_shore_a,
          lemuel_fruit_tree
Lair:5:   onia_ninara_swampy_vault, columned_hall_lemuel, guppyfry_lair_drakes,
          infiniplex_staircase_pool, uniq_josephine
Lair:6:   minmay_lair_end_frog_pond, nicolae_slime_entry_slimehenge
Swamp:1:  evilmike_swamp_ruin_house_3
Swamp:2:  evilmike_swamp_ruin_house_4
Swamp:3:  hangedman_swamp_pad, uniq_louise
Swamp:4:  swamp_alternative
Spider:1: spiders_nest_hornet_nest
Spider:3: uniq_azrael, uniq_donald
Spider:4: grunt_spider_rune_circles, spider_trap
Orc:1:    basic_altar
Orc:2:    st_orc_mages, serial_shops, shop
Elf:1:    eino_elf_arrival_altar, evilmike_minifort, grunt_megastairs_3
Elf:3:    minmay_elf_hall_circle, mu_enter_wizlab_3, spider_trap
Vaults:1: v_misc_13, vaults_room_pool, nicolae_vaults_network_s,
          v_alt_pattern_5, ontoclasm_vaults_gallery, serial_shops, shop_statue
Vaults:2: st_eye, v_misc_32, nicolae_vaults_arrows,
          nicolae_vaults_little_squares_3, ontoclasm_vaults_idyll,
          vaults_mumra_hexcomb, nicolae_vaults_windows_and_doors_thing,
          nicolae_vaults_hallways_thing, vaults_standard_mumra_x,
          ontoclasm_vaults_gateway, v_misc_11, nicolae_vaults_little_ls,
          nicolae_vaults_gold_heap, serial_shops, shop, uniq_jorgrun,
          uniq_asterion
Vaults:3: vaults_room_pools, vaults_room_pools, hangedman_vaults_capsules,
          hangedman_vaults_maws, v_misc_29, vaults_dpeg_diagonal,
          vaults_room_boxed, blue_anna_dwarven_crypt,
          ontoclasm_vaults_decontamination, hangedman_vaults_stretched_pinwheel,
          grunt_vaults_hallway_short, uniq_bai_suzhen
Vaults:4: hangedman_vaults_stretched_pinwheel, hangedman_vaults_restitches,
          dpeg_vaults_pockets_of_resistance, nicolae_vaults_what_the_h,
          grunt_vaults_swirl, v_misc_12, v_rooms_5, vaults_room_pool,
          vaults_room_pools, ontoclasm_vaults_chip, v_misc_16, uniq_margery
Vaults:5: uniq_mennas, uniq_frederick
Depths:1: abyss_entry_small_statue_room, grunt_mini_vestibule,
          rand_demon_pan_entry_8, minmay_misc_feat_chi, lightli_church_of_beogh
Depths:2: minmay_diamond_stairs, serial_sigils_hangedman_quiver,
          rand_demon_pan_entry_1, hell_entry, minmay_misc_feat_diagonals
Depths:3: hangedman_pleasuredromes, hell_entry, pan_entry, uniq_jory
Depths:4: hangedman_six_sided_sadism, hell_entry, abyss_entry_flame_altar
Depths:5: evilmike_zot_entry_round, pf_vacation_house_of_asmodeus,
          minmay_shoptagon, uniq_boris
Zot:2:    st_stairs_11
Zot:3:    lemuel_acid_trip
Zot:5:    grunt_megastairs_2
Volcano:  volcano_pools
WizLab:   wizlab_doroklohe

Skill      XL: |  1  2  3  4  5  6  7  8  9 10 11 12 13 14 15 16 17 18 19 20 21 22 23 24 25 26 27 |
---------------+----------------------------------------------------------------------------------+-----
Polearms       | 2 3 4 5 6 7 8 |  8.4
Translocations | 3 4 6 8 |  8.2
Spellcasting   | 2 3 |  3.1
Fighting       | 3 4 5 7 9 11 12 13 15 17 18 19 21 22 23 25 | 25.4
Bows           | 6 11 12 13 14 16 17 20 21 22 24 25 26 | 26.0
Invocations    | 6 9 11 12 13 14 15 16 18 19 21 22 23 24 25 27 | 27.0
Evocations     | 3 5 6 |  6.7
Armour         | 3 5 6 10 12 13 | 13.4
Staves         | 4 7 8 |  8.5
Dodging        | 2 6 8 12 | 12.8
Transmutations | 5 |  5.0
Air Magic      | 5 |  5.0
Throwing       | |  1.1

Action                   |  1- 3 |  4- 6 |  7- 9 | 10-12 | 13-15 | 16-18 | 19-21 | 22-24 | 25-27 || total
-------------------------+-------+-------+-------+-------+-------+-------+-------+-------+-------++-------
Melee: Spear             |   139 |   116 |   500 |   166 |       |       |       |       |       ||   921
       Kick              |    11 |    13 |    88 |   128 |   245 |   262 |   296 |    68 |    12 ||  1123
       Trident           |       |       |       |   503 |   514 |    48 |    20 |       |       ||  1085
       Quarterstaff      |       |       |       |       |   442 |   717 |   712 |   141 |    26 ||  2038
 Fire: Hunting sling     |       |    32 |     6 |    16 |       |       |       |       |       ||    54
       Shortbow          |       |       |   183 |   590 |   868 |    79 |       |       |       ||  1720
       Longbow           |       |       |       |       |    34 |   939 |  1496 |  1374 |  1882 ||  5725
Throw: Tomahawk          |     2 |       |       |     1 |       |       |       |       |       ||     3
       Stone             |       |    13 |     5 |       |       |       |       |       |       ||    18
 Cast: Shroud of Golubri |       |     2 |       |     1 |       |     1 |       |       |       ||     4
       Blink             |       |       |       |       |       |     4 |     6 |       |    11 ||    21
       Apportation       |       |       |       |       |       |    15 |       |       |     1 ||    16
       Passwall          |       |       |       |       |       |       |       |       |     8 ||     8
Invok: Upheaval          |       |       |     1 |    16 |    24 |    11 |    10 |    15 |    15 ||    92
       Elemental Force   |       |       |     1 |     4 |     2 |     1 |     1 |       |       ||     9
       Disaster Area     |       |       |       |       |       |     5 |     3 |     8 |     4 ||    20
 Abil: Evoke Flight      |       |       |       |       |       |    29 |     3 |       |       ||    32
       Evoke Invisibilit |       |       |       |       |       |       |       |       |     2 ||     2
Evoke: Wand              |       |       |       |    18 |     2 |     7 |     7 |    28 |    35 ||    97
       Lightning rod     |       |       |       |       |       |     4 |       |       |       ||     4
       Lamp of fire      |       |       |       |       |       |       |       |     2 |       ||     2
       Fan of gales      |       |       |       |       |       |       |       |     1 |     2 ||     3
       Phantom mirror    |       |       |       |       |       |       |       |       |     2 ||     2
  Use: Scroll            |     2 |     5 |     8 |    11 |    23 |    13 |    11 |    33 |    19 ||   125
       Potion            |     1 |       |     3 |     4 |     4 |     4 |     9 |    18 |     7 ||    50
  Eat: Chunk             |     2 |     3 |    12 |    21 |    18 |    19 |    33 |     8 |     4 ||   120
       Ration            |       |       |       |     2 |     6 |    12 |     4 |     8 |    12 ||    44
Armor: Ring mail         |    10 |       |       |    17 |       |       |       |       |       ||    27
       Leather armour    |    36 |    15 |       |       |       |       |       |       |       ||    51
       Chain mail        |       |    19 |   176 |   269 |   130 |    63 |   309 |   331 |    57 ||  1354
       Troll leather arm |       |       |       |    18 |   245 |       |       |       |       ||   263
       Scale mail        |       |       |       |       |       |   742 |   164 |       |       ||   906
       Quicksilver drago |       |       |       |       |       |       |       |       |   387 ||   387
Dodge: Dodged            |    39 |    38 |    88 |   163 |   240 |   266 |   194 |   144 |   307 ||  1479
       Deflected         |       |       |       |       |    13 |    15 |    62 |    38 |    53 ||   181
Block: Other             |       |       |    18 |    89 |   212 |   386 |   378 |   162 |   182 ||  1427
       Reflection        |       |       |       |       |       |     7 |    46 |       |       ||    53

Table legend:
 A = Spawn XP
 B = Non-spawn XP
 C = Spawn XP percentage of total XP
 D = Spawn monster count
 E = Non-spawn monster count
 F = Spawn count percentage of total count
 G = Total turns spent on level
                    A         B        C        D         E        F      G
               +---------+---------+-------+---------+---------+-------+---------
         Total |       0 | 1733342 |   0.0 |       0 |    2535 |   0.0 | 98066
               +---------+---------+-------+---------+---------+-------+---------
           D:1 |       0 |      26 |   0.0 |       0 |      14 |   0.0 |   774
           D:2 |       0 |      54 |   0.0 |       0 |      24 |   0.0 |  1340
           D:3 |       0 |     688 |   0.0 |       0 |      28 |   0.0 |   544
           D:4 |       0 |     434 |   0.0 |       0 |      14 |   0.0 |   978
           D:5 |       0 |    1145 |   0.0 |       0 |      22 |   0.0 |  1516
           D:6 |       0 |    1520 |   0.0 |       0 |      41 |   0.0 |  1333
           D:7 |       0 |    1361 |   0.0 |       0 |      36 |   0.0 |  2093
           D:8 |       0 |    7161 |   0.0 |       0 |      37 |   0.0 |  2457
           D:9 |       0 |    2993 |   0.0 |       0 |      48 |   0.0 |  1935
          D:10 |       0 |    8594 |   0.0 |       0 |      76 |   0.0 |  2343
          D:11 |       0 |    6381 |   0.0 |       0 |      28 |   0.0 |  1385
          D:12 |       0 |    7849 |   0.0 |       0 |      39 |   0.0 |  1484
          D:13 |       0 |   21205 |   0.0 |       0 |      59 |   0.0 |  2479
          D:14 |       0 |   11126 |   0.0 |       0 |      37 |   0.0 |  1073
          D:15 |       0 |   19913 |   0.0 |       0 |      44 |   0.0 |  2120
        Lair:1 |       0 |    8016 |   0.0 |       0 |      30 |   0.0 |  1854
        Lair:2 |       0 |   14275 |   0.0 |       0 |      65 |   0.0 |  3991
        Lair:3 |       0 |    4629 |   0.0 |       0 |      35 |   0.0 |  1655
        Lair:4 |       0 |   11376 |   0.0 |       0 |      45 |   0.0 |  1894
        Lair:5 |       0 |   12240 |   0.0 |       0 |      44 |   0.0 |  2470
        Lair:6 |       0 |   17731 |   0.0 |       0 |      71 |   0.0 |  1588
       Swamp:1 |       0 |    6606 |   0.0 |       0 |      23 |   0.0 |  1273
       Swamp:2 |       0 |    8717 |   0.0 |       0 |      23 |   0.0 |  1249
       Swamp:3 |       0 |   21165 |   0.0 |       0 |      41 |   0.0 |  2778
       Swamp:4 |       0 |   23149 |   0.0 |       0 |      46 |   0.0 |   965
      Spider:1 |       0 |   12864 |   0.0 |       0 |      38 |   0.0 |   615
      Spider:2 |       0 |   15821 |   0.0 |       0 |      29 |   0.0 |  1207
      Spider:3 |       0 |   14757 |   0.0 |       0 |      37 |   0.0 |  2598
      Spider:4 |       0 |   29388 |   0.0 |       0 |      65 |   0.0 |  2185
         Orc:1 |       0 |    3353 |   0.0 |       0 |      41 |   0.0 |  1423
         Orc:2 |       0 |    6734 |   0.0 |       0 |      54 |   0.0 |  1576
         Elf:1 |       0 |   19603 |   0.0 |       0 |      38 |   0.0 |  1385
         Elf:2 |       0 |   35748 |   0.0 |       0 |      49 |   0.0 |  1411
         Elf:3 |       0 |   57362 |   0.0 |       0 |      58 |   0.0 |  2218
      Vaults:1 |       0 |   42186 |   0.0 |       0 |      61 |   0.0 |  3474
      Vaults:2 |       0 |   80756 |   0.0 |       0 |     119 |   0.0 |  3877
      Vaults:3 |       0 |   56907 |   0.0 |       0 |      93 |   0.0 |  5234
      Vaults:4 |       0 |   92483 |   0.0 |       0 |     129 |   0.0 |  3223
      Vaults:5 |       0 |  165961 |   0.0 |       0 |     131 |   0.0 |  1785
      Depths:1 |       0 |   21932 |   0.0 |       0 |      26 |   0.0 |  1665
      Depths:2 |       0 |   64480 |   0.0 |       0 |      75 |   0.0 |  1811
      Depths:3 |       0 |  115053 |   0.0 |       0 |     106 |   0.0 |  3689
      Depths:4 |       0 |   72246 |   0.0 |       0 |      90 |   0.0 |  2066
      Depths:5 |       0 |   57846 |   0.0 |       0 |      54 |   0.0 |   996
         Zot:1 |       0 |   41488 |   0.0 |       0 |      25 |   0.0 |  3084
         Zot:2 |       0 |   65706 |   0.0 |       0 |      38 |   0.0 |  1946
         Zot:3 |       0 |  134683 |   0.0 |       0 |      96 |   0.0 |  2340
         Zot:4 |       0 |   23040 |   0.0 |       0 |      15 |   0.0 |   547
         Zot:5 |       0 |  270925 |   0.0 |       0 |      80 |   0.0 |  3347
        WizLab |       0 |   13666 |   0.0 |       0 |      18 |   0.0 |   745
               +---------+---------+-------+---------+---------+-------+---------
